 Dungeon Crawl Stone Soup version 0.32-a0-450-g080537f31e (webtiles) character file.

Game seed: 8099163180982200282

581460 avangion the Archmage (level 25, -4/152 (157) HPs)
             Began as a Deep Elf Conjurer on Feb 24, 2024.
             Was the Champion of Vehumet.
             Slain by an Orb Guardian (18 damage)
             ... on level 5 of the Realm of Zot.
             The game lasted 03:20:29 (77518 turns).

avangion the Archmage (Deep Elf Conjurer)          Turns: 77518, Time: 03:20:30

HP:   -4/152 (157)  AC: 21    Str:  4    XL:     25   Next: 94%
MP:   4/56          EV: 23    Int: 36    God:    Vehumet [******]
Gold: 8313          SH: 15    Dex: 19    Spells: 27/78 levels left

rFire   + + +        I - staff of fire
rCold   + . .        r - +2 buckler {AC+3}
rNeg    . . .        z - +2 robe {rF+}
rPois   +            (helmet restricted)
rElec   +            E - +2 cloak {Will+}
rCorr   +            X - +2 pair of gloves
SInv    .            G - +4 pair of boots "Akhlo" {Regen+ Dex+6}
Will    +++..        v - amulet of reflection
Stlth   ++++++       H - ring of the Octopus King {Wiz HP+2 AC+2 EV+2 SH+2}
HPRegen 1.25/turn    p - ring of Shadows {Umbra +Inv Stlth+}
MPRegen 0.35/turn

%: reflection, wizardry (x1)
@: about to teleport, resistant, marked, wreathed by umbra, studying 3 skills,
lightly drained, invisible
A: antennae 2, talons 1, subdued magic 1
}: 3/15 runes: decaying, silver, gossamer
a: Renounce Religion, Evoke Invisibility


You were on level 5 of the Realm of Zot.
You worshipped Vehumet.
Vehumet was exalted by your worship.
You visited 11 branches of the dungeon, and saw 49 of its levels.
You also visited: Bailey, Gauntlet and Ice Cave.

You collected 10515 gold pieces.
You spent 2202 gold pieces at shops.

Inventory:

Hand Weapons
 y - a +7 dagger of electrocution
Armour
 r - a +2 buckler of protection (worn)
 z - a +2 robe of fire resistance (worn)
 E - a +2 cloak of willpower (worn)
 G - the +4 pair of boots "Akhlo" (worn) {Regen+ Dex+6}
   (You found it on level 4 of the Spider Nest)

   Dex+6:     It affects your dexterity (+6).
   Regen+:    It increases your rate of health regeneration.
 N - a +2 helmet of see invisible
 X - a +2 pair of gloves (worn)
Magical Staves
 f - a staff of earth
 u - the staff of Zimerin {rPois rC+ Int+3 Dex+3 Ice}
   (You found it in a Gauntlet)

   [staff of cold]

   Base accuracy: +5 Base damage: 5 Base attack delay: 1.2 This weapon's minimum
   attack delay (0.6) is reached at skill level 12.
   Int+3:     It affects your intelligence (+3).
   Dex+3:     It affects your dexterity (+3).
   rC+:       It protects you from cold.
   rPois:     It protects you from poison Ice: It increases the power of your
   Ice spells.
   It falls into the 'Staves' category.
   It is a one-handed weapon.
 x - a staff of air
 I - a staff of fire (weapon)
 T - a staff of cold
Jewellery
 p - the ring of Shadows (right hand) {Umbra +Inv Stlth+}
   (You found it in a Gauntlet)

   [ring of stealth]

   Umbra:     It surrounds you with an aura of shadow, increasing your stealth
   and reducing the accuracy of all others within it.
   +Inv:      It lets you turn invisible.
   Stlth+:    It makes you more stealthy.
 v - an amulet of reflection (around neck)
 H - a ring of the Octopus King (left hand) {Wiz HP+2 AC+2 EV+2 SH+2}
   (You bought it in a shop on level 2 of the Orcish Mines)

   [ring of wizardry]

   Wiz:       It improves your spell success rate.
   AC+2:      It affects your AC (+2).
   EV+2:      It affects your evasion (+2).
   HP+2:      It affects your health (+2).
   SH+2:      It affects your SH (+2).
 P - the amulet "Kenehol" {Acrobat rElec rC+ Str+3 Stlth+}
   (You took it off a deep elf elementalist on level 3 of the Elven Halls)

   [amulet of the acrobat]

   Acrobat:   It increases your evasion while moving and waiting.
   Str+3:     It affects your strength (+3).
   rC+:       It protects you from cold.
   rElec:     It insulates you from electricity.
   Stlth+:    It makes you more stealthy.
 R - the ring of Qitaxuohe {rN++ Dex+6}
   (You took it off a deep elf death mage on level 3 of the Elven Halls)

   [ring of dexterity]

   Dex+6:     It affects your dexterity (+6).
   rN++:      It greatly protects you from negative energy.
 U - the ring "Keem Pucw" {Fly Will++ SInv}
   (You took it off an orc warrior on level 2 of the Orcish Mines)

   [ring of flight]

   Will++:    It greatly increases your willpower.
   SInv:      It lets you see invisible.
   Fly:       It grants you flight.
Scrolls
 c - 4 scrolls of poison
 e - 12 scrolls of enchant weapon
 g - 10 scrolls of fear
 i - 2 scrolls of enchant armour
 j - 5 scrolls of brand weapon
 k - 3 scrolls of summoning
 m - 11 scrolls of amnesia
 o - 6 scrolls of noise
 t - 20 scrolls of teleportation
 B - 9 scrolls of blinking
 F - 9 scrolls of immolation
 J - 6 scrolls of vulnerability
 L - 6 scrolls of revelation
 M - 9 scrolls of fog
 Q - 2 scrolls of silence
 W - 5 scrolls of torment
Potions
 a - a potion of attraction
 b - 6 potions of magic
 d - 7 potions of might
 h - 9 potions of haste
 l - a potion of heal wounds
 q - 20 potions of curing
 w - 3 potions of invisibility
 A - 3 potions of ambrosia
 C - 4 potions of enlightenment
 D - a potion of berserk rage
 K - 7 potions of mutation
 O - 6 potions of cancellation
 V - 3 potions of lignification
 Y - 6 potions of brilliance


   Skills:
 - Level 15.0 Fighting
 - Level 8.0 Armour
 - Level 14.0 Dodging
 - Level 5.0 Stealth
 + Level 5.2 Shields
 O Level 27 Spellcasting
 * Level 22.7 Conjurations
 - Level 5.0 Translocations
 - Level 26.0 Fire Magic
 - Level 20.0 Ice Magic
 - Level 4.0 Alchemy


You had 27 spell levels left.
You knew the following spells:

 Your Spells              Type           Power      Damage    Failure   Level
a - Magic Dart            Conj           100%       1d8       0%          1
b - Searing Ray           Conj           100%       2d8       0%          2
c - Irradiate             Conj/Alch      42%        3d25      1%          5
d - Ignition              Fire           67%        3d18      1%          8
e - Fire Storm            Conj/Fire      65%        8d17      1%          9
f - Bombard               Conj/Erth      39%        9d7       1%          6
g - Ozocubu's Refrigerat  Ice            49%        4d18      1%          7
h - Polar Vortex          Ice            49%        12d6*     1%          9
x - Iskenderun's Mystic   Conj/Tloc      85%        2d17      0%          4

Your spell library contained the following spells:

 Spells                   Type           Power      Damage    Failure   Level
 Maxwell's Capacitive Co  Air            18%        ∞         95%         8
 Foxfire                  Conj/Fire      100%       2x1d9     0%          1
 Freeze                   Ice            100%       1d10      0%          1
 Sting                    Conj/Alch      100%       1d9       0%          1
 Momentum Strike          Conj/Tloc      100%       3d10      0%          2
 Frozen Ramparts          Ice            100%       1d16      0%          3
 Hailstorm                Conj/Ice       100%       3d16      0%          3
 Inner Flame              Hex/Fire       100%       N/A       0%          3
 Mephitic Cloud           Conj/Alch/Air  72%        N/A       0%          3
 Ozocubu's Armour         Ice            99%        N/A       0%          3
 Stone Arrow              Conj/Erth      100%       3d13      0%          3
 Volatile Blastmotes      Fire/Tloc      100%       2d18      0%          3
 Brom's Barrelling Bould  Conj/Erth      79%        2d9       0%          4
 Fulminant Prism          Conj/Alch      42%        3d19      0%          4
 Ignite Poison            Fire/Alch      100%       N/A       0%          4
 Sticky Flame             Fire/Alch      100%       2d15      0%          4
 Summon Blazeheart Golem  Fire/Summ      100%       N/A       0%          4
 Freezing Cloud           Conj/Ice/Air   43%        6-21      0%          5
 Apportation              Tloc           100%       N/A       1%          1
 Necrotise                Necr           100%       1d9       1%          1
 Sandblast                Erth           74%        2d16      1%          1
 Summon Small Mammal      Summ           100%       N/A       1%          1
 Blink                    Tloc           100%       N/A       1%          2
 Call Imp                 Summ           74%        N/A       1%          2
 Cigotuvi's Dreadful Rot  Necr/Alch/Air  88%        N/A       1%          2
 Jinxbite                 Hex            74%        N/A       1%          2
 Lesser Beckoning         Tloc           100%       N/A       1%          2
 Mercury Vapours          Alch/Air       96%        N/A       1%          2
 Sublimation of Blood     Necr           37%        N/A       1%          2
 Call Canine Familiar     Summ           37%        N/A       1%          3
 Fugue of the Fallen      Necr           37%        N/A       1%          3
 Passwall                 Erth           37%        N/A       1%          3
 Tukima's Dance           Hex            37%        N/A       1%          3
 Dimensional Bullseye     Hex/Tloc       25%        N/A       1%          4
 Leda's Liquefaction      Alch/Erth      24%        N/A       1%          4
 Manifold Assault         Tloc           60%        N/A       1%          4
 Olgreb's Toxic Radiance  Alch           56%        N/A       1%          4
 Passage of Golubria      Tloc           60%        N/A       1%          4
 Vhi's Electric Charge    Tloc/Air       100%       N/A       1%          4
 Alistair's Intoxication  Alch           37%        N/A       1%          5
 Arcjolt                  Conj/Air       39%        1d49      1%          5
 Lee's Rapid Deconstruct  Erth           18%        3d11*     1%          5
 Metabolic Englaciation   Hex/Ice        37%        N/A       1%          5
 Plasma Beam              Fire/Air       52%        2x1d67    1%          6
 Sculpt Simulacrum        Ice/Alch       40%        N/A       1%          6
 Anguish                  Hex/Necr       18%        N/A       2%          4
 Animate Dead             Necr           37%        N/A       2%          4
 Cause Fear               Hex            18%        N/A       2%          4
 Summon Lightning Spire   Summ/Air       37%        N/A       2%          4
 Summon Forest            Summ/Tloc      25%        N/A       2%          5
 Lehudib's Crystal Spear  Conj/Erth      39%        10d10     4%          8
 Borgnjor's Vile Clutch   Necr/Erth      18%        N/A       6%          5
 Silence                  Hex/Air        18%        N/A       6%          5
 Death Channel            Necr           18%        N/A       34%         6
 Chain Lightning          Conj/Air       39%        3d52      45%         9
 Malign Gateway           Summ/Tloc      25%        N/A       58%         7
 Enfeeble                 Hex            18%        N/A       89%         7
 Haunt                    Necr/Summ      18%        N/A       89%         7
 Summon Hydra             Summ           18%        N/A       89%         7
 Shatter                  Erth           18%        3d17*     99%         9
 Borgnjor's Revivificati  Necr           18%        N/A       100%        8
 Infestation              Necr           18%        N/A       100%        8
 Death's Door             Necr           18%        N/A       100%        9


Dungeon Overview and Level Annotations

Branches:
Dungeon (15/15) Zot: 24845  Temple (1/1) D:5 Zot: 5985    Lair (5/5) D:9 Zot: 22639
  Swamp (4/4) Lair:2 Zot: 17822  Spider (4/4) Lair:3 Zot: 15455   Slime (0/5) Lair:5
    Orc (2/2) D:10 Zot: 8687     Elf (3/3) Orc:2 Zot: 12348  Vaults (5/5) D:14 Zot: 19173
  Crypt (1/3) Vaults:3 Zot: 5996  Depths (4/4) D:15 Zot: 17895     Zot (5/5) Depths:4 Zot: 23518
 Bailey (visited)           IceCv (visited)         Gauntlet (visited)

Altars:
Ashenzari
Cheibriados
Dithmenos
Elyvilon
Fedhas
Gozag
Hepliaklqana
Kikubaaqudgha
Makhleb
Nemelex Xobeh
Okawaru
Qazlal
Ru
Sif Muna
Trog
Uskayaw
Vehumet
Wu Jian
Xom
Yredelemnul
Zin
The Shining One
Beogh
Jiyva
Lugonu

Shops:
D:1 (?:   D:7 :   D:10 :[[=(   D:13 (   D:14 (   Orc:2 !*(==   Elf:1 =:??
Elf:2 ::=(   Vaults:3 (=   Vaults:4 [   Depths:3 *

Portals:
Hell: Depths:1 Depths:2 Depths:3 Depths:4
Abyss: Lair:5 Depths:1 Depths:2 Depths:3
Pandemonium: Orc:2 Depths:1 Depths:2 Depths:4
Ziggurat: Depths:4
Trove: D:11 (give +4 fire dragon scales)

Annotations:
Vaults:3 exclusion: door


Innate Abilities, Weirdness & Mutations

You have a pair of antennae on your head.
You have sharp toenails.
Your spells are a little easier to cast, but a little less powerful.


Message History

The bolt of fire hits the orb of fire.
The orb of fire completely resists.
The bolt of fire hits you! You resist.
* * * LOW HITPOINT WARNING * * *
The orb of fire glows deep purple.
Strange energies course through your body.
You no longer feel a hidden potential within.
You block the death cob's attack.
Something touches you but does no damage.
The Orb Guardian closely misses you.
The Killer Klown blinks!
The orb of fire glows bright magenta.
The bolt of fire hits you! You resist.
* * * LOW HITPOINT WARNING * * *
The bolt of fire hits the orb of fire.
The orb of fire completely resists.
The bolt of fire hits the orb of fire.
The orb of fire completely resists.
An orb of fire and a Killer Klown come into view.
The Killer Klown is wielding a +12 antimagic club.
You take 25 damage, and have 19/152 hp.
You feel much better.
You feel yourself speed up. The death cob misses you.
You block the death cob's attack.
You hear some strange, mumbled words.
Something tries to affect you, but you resist.
The orb of fire glows yellow.
Strange energies course through your body.
The antennae on your head grow some more.
The orb of fire emits a lurid red light.
The bolt of fire hits you! You resist.
* * * LOW HITPOINT WARNING * * *
The bolt of fire hits the orb of fire.
The orb of fire completely resists.
The bolt of fire hits the orb of fire.
The orb of fire completely resists.
Something touches you!
* * * LOW HITPOINT WARNING * * *
The Orb Guardian hits you but does no damage.
Something touches you!
* * * LOW HITPOINT WARNING * * *
The orb of fire glows red.
Strange energies course through your body.
Your connection to magic feels subdued.
You block something's attack. The Orb Guardian hits you!!
You die...

####......#..#.#..#####.
# .....................
########.########▓▓▓
#...............
##.............#
#..§..........#
##...........##
#.......{**.#
##.......*@*z##
#........X*{X{#
##..X......XXX.##
##....*.^........##
###...###########...###
.##..^.## ##..pd#
.^...### ###.).....
▓▓▓▓▓# ▓▓▓▓▓▓▓


You could see 6 orbs of fire, a Killer Klown, a tentacled monstrosity, a yellow
draconian (unable to see you, catching breath), a death cob (unable to see you)
and 5 Orb Guardians.

Vanquished Creatures
  Frederick (Vaults:5)
  Mara (Depths:1)
  2 ancient liches
  Mennas (Vaults:3)
  An orb of fire (Zot:5)
  A juggernaut (Depths:3)
  Xtahua (Vaults:3)
  Vv (Zot:3)
  Margery (Vaults:4)
  4 curse toes (Zot:4)
  The ghost of Lucarghiu the Victor of a Thousand Battles, a veteran GnWn of Okawaru (Depths:4)
  Saint Roka (Vaults:5)
  5 golden dragons
  Jory (Vaults:5)
  Nikola (Spider:1)
  3 bone dragons
  The ghost of Lightli the Warrior, an adept CoCK of Zin (Elf:3)
  8 tentacled monstrosities
  4 liches (Vaults:5)
  2 deep elf blademasters (Elf:3)
  7 Orb Guardians (Zot:5)
  4 quicksilver dragons
  2 deep elf master archers (Elf:3)
  4 titans (Vaults:5)
  An acid blob (Depths:4)
  3 sphinxes (Vaults:5)
  13 death cobs
  A kraken (Swamp:3)
  A searing wretch (Vaults:4)
  A thorn hunter (Swamp:2)
  Agnes (Spider:4)
  Donald (Vaults:4)
  Kirke (D:13)
  10 storm dragons
  12 shadow dragons
  Roxanne (Elf:1)
  3 tengu reavers
  12 fire giants
  A draconian monk (Zot:3)
  4 azure jellies
  4 fenstrider witches
  A draconian knight (Zot:1)
  3 protean progenitors (Zot:5)
  6 frost giants
  A daeva (Vaults:4)
  7 deep elf elementalists
  3 iron dragons
  5 deep elf sorcerers (Elf:3)
  23 vault wardens
  The ghost of Kuust the Toxicologist, an adept OpAl of Gozag (D:15)
  2 draconian shifters
  5 emperor scorpions
  3 draconian annihilators
  3 draconian stormcallers
  3 draconian scorchers
  An angel (Vaults:4)
  2 reapers
  5 orc warlords
  10 ghost moths
  A formless jellyfish (Vaults:1)
  A broodmother (Spider:3)
  24 ironbound preservers
  The ghost of Ufuth the Crack Shot, a journeyman DEHu of Jiyva (Swamp:2)
  6 stone giants
  3 quicksilver oozes
  9 very ugly things
  8 deep elf demonologists
  4 green draconians
  7 ironbound thunderhulks
  5 eleionomae
  7 deep elf death magi (Elf:3)
  A minotaur (Gauntlet)
  2 vampire knights
  7 dire elephants
  5 black draconians
  8 purple draconians
  9 yellow draconians
  10 white draconians
  6 spark wasps
  The ghost of Jigsaw the Mimic, a journeyman TrMo of Uskayaw (Orc:2)
  7 deep elf annihilators (Elf:3)
  9 war gargoyles
  9 red draconians
  7 bunyips
  13 ettins
  10 fire dragons
  Snorg (Lair:5)
  4 shambling mangroves
  13 yaktaur captains
  26 hydras
  7 entropy weavers
  5 deep elf high priests
  5 peacekeepers
  2 jiangshi (Depths:3)
  42 vault guards
  8 ice dragons
  4 ogre magi
  A rakshasa (Depths:2)
  15 centaur warriors
  2 catoblepae
  2 demonspawn (Orc:2)
  4 jorogumos (Spider:4)
  An anaconda (shapeshifter) (Vaults:4)
  2 ghost crabs
  4 radroaches
  11 ironbound frosthearts
  6 great orbs of eyes
  3 alligators
  11 boulder beetles
  11 death yaks (Lair:4)
  19 two-headed ogres
  47 dancing weapons
  7 demonic crawlers
  9 death scarabs
  14 deep troll shamans
  A death knight (D:15)
  10 orc high priests
  10 tengu warriors
  16 deep troll earth magi
  3 thrashing horrors (Lair:5)
  A hell hog (Depths:1)
  3 spriggan berserkers
  5 hell knights
  24 deep elf knights
  A shock serpent (shapeshifter) (Vaults:5)
  A sun demon (Depths:1)
  4 occultists (Depths:3)
  5 soul eaters
  11 skeletal warriors
  A fire crab (Lair:5)
  7 pharaoh ants
  A sixfirhy (Gauntlet)
  5 goliath frogs
  11 iron trolls
  A flayed ghost (Depths:1)
  3 bog bodies
  3 death drakes
  3 glowing orange brains
  64 deep trolls
  12 deep elf archers
  5 spriggan druids
  9 swamp dragons
  12 orb spiders
  An arcanist (Vaults:2)
  An elf zombie (Vaults:2)
  Pikel (D:7)
  5 steelbarb worms
  3 harpies (Vaults:3)
  5 phantasmal warriors
  A wolf spider zombie (Spider:4)
  2 lindwurms (Vaults:4)
  2 spectral wolf spiders (Spider:4)
  A sun moth (Spider:3)
  12 ironbound convokers
  32 deep elf pyromancers
  2 frost giant zombies
  5 necromancers
  19 orc knights
  4 oklob plants (Lair:5)
  A harpy (shapeshifter) (D:15)
  9 orc sorcerers
  24 ugly things
  29 deep elf zephyrmancers
  17 wolf spiders
  A shining eye (shapeshifter) (D:11)
  7 cyclopes
  Maurice (D:7)
  3 ice statues (IceCv)
  31 moths of wrath
  A manticore (D:15)
  5 will-o-the-wisps
  3 meliai (D:14)
  A kobold blastminer (Orc:1)
  2 meliai (shapeshifter)
  A large abomination (Lair:5)
  A human skeleton (Vaults:3)
  6 eyes of devastation
  2 smoke demons
  6 torpor snails
  3 elephants (Lair:3)
  17 vault sentinels
  3 black mambas
  A water nymph (shapeshifter) (Vaults:5)
  12 cane toads
  An eye of devastation (shapeshifter) (Depths:1)
  3 spectral redbacks (Spider:4)
  33 yaktaurs
  3 rime drakes
  An efreet (D:14)
  A kobold demonologist (D:12)
  A rime drake (shapeshifter) (D:15)
  2 freezing wraiths
  13 komodo dragons
  7 trolls
  A red devil (Orc:2)
  2 ice devils (D:13)
  A polar bear (Lair:5)
  A shadow dragon simulacrum (Depths:1)
  3 spectral culicivoras (Spider:4)
  21 tarantellas
  3 bloated husks
  17 tyrant leeches
  2 raiju (shapeshifter)
  3 spectral tarantellas (Spider:4)
  17 hornets
  A tarantella zombie (Spider:4)
  A raiju (Lair:5)
  21 blink frogs
  A glass eye (Depths:3)
  4 dream sheep (Lair:5)
  A spectral black mamba (Gauntlet)
  2 jumping spider zombies (Spider:4)
  41 slime creatures
  A frost giant simulacrum (Vaults:3)
  2 centaur simulacra
  A fire giant simulacrum (Depths:1)
  31 jumping spiders
  16 culicivoras
  3 water elementals
  7 spriggans
  2 ynoxinuls (Lair:5)
  3 air elementals
  Sigmund (D:5)
  Eustachio (D:5)
  8 shadows
  4 hogs (D:13)
  3 fire bats (Depths:3)
  A spriggan (shapeshifter) (Elf:3)
  7 wraiths
  5 wyverns
  7 basilisks
  6 fire elementals
  An ettin skeleton (Vaults:2)
  A steam dragon (D:7)
  43 yaks
  5 wargs
  45 redbacks
  A hog (shapeshifter) (Vaults:5)
  20 vampire mosquitoes
  A yaktaur simulacrum (Vaults:2)
  18 swamp worms
  9 small abominations (Lair:5)
  Menkaure (D:7)
  A chaos spawn (Lair:5)
  A swamp worm (shapeshifter) (Vaults:5)
  3 great orb of eyes simulacra (IceCv)
  An acid dragon (D:11)
  2 human simulacra (Vaults:3)
  17 water moccasins
  Duvessa (D:7)
  12 swamp drakes
  35 orc warriors
  2 sky beasts
  2 ettin simulacra
  3 black bears (Lair:3)
  An ice beast (D:7)
  9 ogres
  7 boggarts
  9 wolves (Lair:2)
  2 lemures (D:7)
  5 centaurs
  2 phantoms
  12 bullfrogs
  7 kobold brigands
  2 slime creature simulacra (IceCv)
  Blork the orc (D:5)
  5 gnoll sergeants
  5 scorpions
  3 earth elementals
  A glowing shapeshifter simulacrum (IceCv)
  4 wights (D:7)
  Dowan (D:7)
  5 killer bees (D:8)
  6 howler monkeys
  2 electric eels
  Crazy Yiuf (D:4)
  A hound (D:6)
  5 jellies
  A bombardier beetle (D:4)
  A gnoll bouda (D:7)
  21 orc priests
  Jessica (D:2)
  7 iguanas
  A sleepcap (D:5)
  5 hell rats (Lair:3)
  13 orc wizards
  6 shapeshifter simulacra (IceCv)
  Robin (D:2)
  3 adders
  17 gnolls
  4 white imps
  2 ufetubi (Gauntlet)
  4 dart slugs
  72 orcs
  7 ball pythons
  8 endoplasms
  5 giant cockroaches
  20 goblins
  12 hobgoblins
  7 jackals
  36 kobolds
  4 quokkas
  5 bats (D:1)
  2 frilled lizards (D:2)
  6 rats
  73 fire vortices
  2 tentacles (Swamp:3)
2177 creatures vanquished.

Vanquished Creatures (collateral kills)
  A Killer Klown (Zot:4)
  A golden dragon (Zot:5)
  2 tentacled monstrosities
  An Orb Guardian (Zot:5)
  A death cob (Zot:5)
  A rockslime (Depths:4)
  An orc warlord (Orc:2)
  3 green draconians
  2 formless jellyfish
  A white draconian (Zot:3)
  A war gargoyle (Vaults:2)
  A yellow draconian (Zot:2)
  A purple draconian (Zot:3)
  An eidolon (Vaults:3)
  A vault guard (Vaults:4)
  A centaur warrior (D:15)
  An iron troll (Depths:2)
  A phantasmal warrior (Vaults:5)
  A steelbarb worm (Spider:4)
  A hornet (Zot:3)
  A slime creature (Vaults:1)
  An orc priest (Orc:2)
  An adder (Depths:2)
  An aspiring flesh (Zot:5)
28 creatures vanquished.

Vanquished Creatures (others)
  A hydra (Swamp:3)
  A deep elf pyromancer (Elf:2)
  2 blink frogs (Lair:1)
  A water elemental (Elf:3)
  A redback (Spider:4)
  290 fire vortices
  19 foxfires
  10 tentacles (Swamp:3)
325 creatures vanquished.

Grand Total: 2530 creatures vanquished

Notes
Turn   | Place    | Note
-------+----------+-------------------------------------------
     0 | D:1      | avangion the Deep Elf Conjurer began the quest for the Orb.
     0 | D:1      | Reached XP level 1. HP: 10/10 MP: 6/6
   139 | D:1      | Found Loevut's Antique Weapon Shop.
   244 | D:1      | Reached XP level 2. HP: 15/15 MP: 6/8
   247 | D:1      | Learned a level 2 spell: Searing Ray
   565 | D:1      | Found Isoet's Magic Scroll Boutique.
   579 | D:1      | Reached skill level 5 in Conjurations
   688 | D:1      | Reached XP level 3. HP: 19/19 MP: 6/9
  1017 | D:1      | Found Noqesmig's Book Shoppe.
  1318 | D:2      | Noticed Jessica
  1321 | D:2      | Killed Jessica
  1322 | D:2      | Reached XP level 4. HP: 24/24 MP: 5/10
  1903 | D:2      | Noticed Robin
  1914 | D:2      | Reached skill level 1 in Fighting
  1917 | D:2      | Killed Robin
  2129 | D:2      | Found a faded altar of an unknown god.
  2365 | D:3      | Noticed a phantom
  2528 | D:3      | Found a broken altar of Ashenzari.
  2529 | D:3      | Found a sacrificial altar of Ru.
  2924 | D:3      | Killed a phantom
  2925 | D:3      | Reached skill level 4 in Spellcasting
  2925 | D:3      | Reached XP level 5. HP: 29/29 MP: 3/13
  3714 | D:4      | Reached skill level 5 in Spellcasting
  3714 | D:4      | Reached XP level 6. HP: 34/34 MP: 4/15
  4121 | D:4      | Reached skill level 6 in Spellcasting
  4121 | D:4      | Reached skill level 1 in Translocations
  4460 | D:4      | Learned a level 4 spell: Iskenderun's Mystic Blast
  4476 | D:4      | Found a runed translucent door.
  4477 | D:4      | Noticed Crazy Yiuf
  4513 | D:4      | Found a white marble altar of Elyvilon.
  4514 | D:4      | Found a burning altar of Makhleb.
  4753 | D:4      | Killed Crazy Yiuf
  4831 | D:5      | Entered Level 5 of the Dungeon
  4831 | D:5      | Noticed Blork the orc
  4838 | D:5      | Killed Blork the orc
  4839 | D:5      | Reached XP level 7. HP: 33/38 MP: 9/18
  4911 | D:5      | Reached skill level 7 in Spellcasting
  4925 | D:5      | Noticed Eustachio
  5017 | D:5      | Killed Eustachio
  5018 | D:5      | Reached skill level 8 in Spellcasting
  5318 | D:5      | Found a staircase to the Ecumenical Temple.
  5335 | Temple   | Entered the Ecumenical Temple
  5342 | Temple   | Became a worshipper of Vehumet
  5393 | D:5      | Noticed Sigmund
  5403 | D:5      | Killed Sigmund
  5404 | D:5      | Reached skill level 9 in Spellcasting
  5404 | D:5      | Reached XP level 8. HP: 39/43 MP: 7/23
  5809 | D:5      | Reached skill level 10 in Spellcasting
  6374 | D:6      | Reached * piety under Vehumet
  6374 | D:6      | Offered knowledge of Freeze by Vehumet.
  7050 | D:7      | Noticed Pikel
  7074 | D:7      | Killed Pikel
  7075 | D:7      | Reached skill level 5 in Dodging
  7075 | D:7      | Reached skill level 5 in Translocations
  7075 | D:7      | Reached XP level 9. HP: 33/48 MP: 7/25
  7315 | D:7      | Found Lazulegg's Book Shoppe.
  7609 | D:1      | Bought a scroll of identify for 22 gold pieces
  7609 | D:1      | Bought a scroll of identify for 22 gold pieces
  7609 | D:1      | Bought a scroll of teleportation for 33 gold pieces
  7615 | D:1      | Learned a level 5 spell: Irradiate
  7624 | D:1      | Learned a level 8 spell: Ignition
  7802 | D:7      | Noticed Menkaure
  7807 | D:7      | Killed Menkaure
  7836 | D:7      | Noticed Duvessa
  7849 | D:7      | Reached skill level 10 in Conjurations
  7854 | D:7      | Noticed Dowan
  7855 | D:7      | Killed Duvessa
  7864 | D:7      | Killed Dowan
  8029 | D:7      | Noticed Maurice
  8042 | D:7      | Killed Maurice
  8043 | D:7      | Reached skill level 11 in Spellcasting
  8269 | D:8      | Reached skill level 12 in Spellcasting
  8277 | D:8      | Reached XP level 10. HP: 48/53 MP: 13/28
  8454 | D:8      | Reached ** piety under Vehumet
  8455 | D:8      | Offered knowledge of Mercury Vapours by Vehumet.
  9053 | D:9      | Identified the +1 pair of boots of Zuetouhe {-Cast Will++
                  | SInv}
  9138 | D:9      | Found a staircase to the Lair.
  9358 | D:9      | Reached skill level 13 in Spellcasting
  9592 | D:9      | Reached skill level 14 in Spellcasting
  9891 | D:9      | Offered knowledge of Momentum Strike by Vehumet.
 10363 | D:10     | Entered Level 10 of the Dungeon
 10366 | D:10     | Found a flagged portal.
 10368 | D:10     | Noticed a two-headed ogre
 10378 | D:10     | Killed a two-headed ogre
 10379 | D:10     | Reached skill level 15 in Spellcasting
 10502 | Bailey   | Entered a bailey
 10507 | Bailey   | Noticed an orc warlord
 10544 | Bailey   | Reached *** piety under Vehumet
 10708 | Bailey   | Reached skill level 1 in Fire Magic
 10889 | Bailey   | Acquired 987 gold pieces
 10891 | Bailey   | Found a runed translucent gate.
 10894 | Bailey   | Found a runed translucent gate.
 10896 | Bailey   | Found a runed translucent gate.
 11029 | Bailey   | Reached XP level 11. HP: 57/57 MP: 32/32
 11030 | Bailey   | Reached skill level 16 in Spellcasting
 11030 | Bailey   | Reached XP level 12. HP: 62/62 MP: 32/34
 11031 | Bailey   | Reached skill level 17 in Spellcasting
 11031 | Bailey   | Reached XP level 13. HP: 66/66 MP: 32/36
 11053 | Bailey   | Killed an orc warlord
 11228 | Bailey   | Acquired 403 gold pieces
 11253 | D:10     | Found Adwashre's Antique Armour Emporium.
 11395 | D:10     | Bought a pair of boots for 139 gold pieces
 11411 | D:10     | Learned a level 9 spell: Fire Storm
 11671 | D:10     | Found Ubuimut's Jewellery Shoppe.
 11679 | D:10     | Offered knowledge of Sticky Flame by Vehumet.
 12074 | D:10     | Reached skill level 18 in Spellcasting
 12074 | D:10     | Reached XP level 14. HP: 51/72 MP: 24/38
 12171 | D:10     | Found a staircase to the Orcish Mines.
 12408 | D:10     | Found Winipraren's Weapon Shop.
 12469 | D:10     | Found Hyek Lex's Book Shoppe.
 12522 | D:10     | Found Nunkay's Antique Armour Emporium.
 12525 | D:10     | Bought a pair of embroidered boots for 217 gold pieces
 12703 | D:11     | Found a portal to a secret trove of treasure.
 12826 | D:11     | Reached **** piety under Vehumet
 12847 | D:11     | Found a gate leading to a gauntlet.
 12854 | Gauntlet | Entered a Gauntlet
 12854 | Gauntlet | Found a transporter.
 12854 | Gauntlet | Found a transporter.
 12856 | Gauntlet | Found a transporter.
 12859 | Gauntlet | Found a transporter.
 12859 | Gauntlet | Found a transporter.
 12875 | Gauntlet | Found a transporter.
 12937 | Gauntlet | Found a transporter.
 12947 | Gauntlet | Found a transporter.
 12963 | Gauntlet | Found a transporter.
 12973 | Gauntlet | Found a transporter.
 12988 | Gauntlet | Found a transporter.
 12994 | Gauntlet | Found a transporter.
 13018 | Gauntlet | Found the ring of Shadows {Umbra +Inv Stlth+}
 13153 | Gauntlet | Identified the staff of Zimerin {rPois rC+ Int+3 Dex+3 Ice}
 13460 | Gauntlet | Got the Information on Wanderlust
 13622 | D:11     | Offered knowledge of Fireball by Vehumet.
 16527 | D:12     | Reached ***** piety under Vehumet
 16610 | D:12     | Reached skill level 5 in Fighting
 17066 | D:13     | Reached skill level 1 in Armour
 17066 | D:13     | Reached skill level 5 in Stealth
 17163 | D:13     | Offered knowledge of Brom's Barrelling Boulder by Vehumet.
 17350 | D:13     | Found a frozen archway.
 17440 | IceCv    | Entered an ice cave
 18083 | IceCv    | Noticed a quicksilver ooze
 18085 | IceCv    | Killed a quicksilver ooze
 18090 | IceCv    | Noticed an azure jelly
 18095 | IceCv    | Noticed an azure jelly
 18099 | IceCv    | Killed an azure jelly
 18100 | IceCv    | Reached XP level 15. HP: 82/82 MP: 34/39
 18106 | IceCv    | Killed an azure jelly
 18228 | IceCv    | Found a viscous altar of Jiyva.
 18249 | IceCv    | Identified the amulet of Royalty {Spirit rF- rN+ rCorr
                  | Dex+3}
 18253 | IceCv    | Identified the ring "Baif" {+Blink rPois rN+ Will+ Int-2
                  | Dex+2}
 18673 | IceCv    | Identified the +1 leather armour of the Gloaming {Str-4
                  | Int+9 Dex+3}
 19250 | D:13     | Reached skill level 19 in Spellcasting
 19275 | D:13     | Noticed Kirke
 19285 | D:13     | Killed Kirke
 19410 | D:13     | Found Raciczui's Antique Weapon Emporium.
 19690 | D:14     | Reached skill level 20 in Spellcasting
 20228 | D:14     | Found a blossoming altar of Fedhas.
 20283 | D:14     | Found Munohyr's Antique Weapon Emporium.
 20570 | D:14     | Found a gate to the Vaults.
 20570 | D:14     | Noticed an iron dragon
 20897 | Lair:1   | Entered Level 1 of the Lair of Beasts
 21358 | Lair:1   | Offered knowledge of Conjure Ball Lightning by Vehumet.
 23205 | Lair:2   | Found a staircase to the Swamp.
 23432 | Lair:3   | Reached skill level 15 in Conjurations
 23432 | Lair:3   | Reached skill level 15 in Fire Magic
 24321 | Lair:3   | Found a hole to the Spider Nest.
 25065 | Lair:4   | Offered knowledge of Bombard by Vehumet.
 25074 | Lair:4   | Learned a level 6 spell: Bombard
 25383 | Lair:4   | Reached XP level 16. HP: 67/87 MP: 42/42
 26060 | Lair:5   | Entered Level 5 of the Lair of Beasts
 26130 | Lair:5   | Noticed Snorg
 26187 | Lair:5   | Killed Snorg
 26447 | Lair:5   | Identified the +6 ring mail of Idealism {Harm Will++ Str+2}
 27099 | Lair:5   | Found a corrupted altar of Lugonu.
 27099 | Lair:5   | Found a one-way gate to the infinite horrors of the Abyss.
 27295 | Lair:5   | Reached skill level 21 in Spellcasting
 27594 | Lair:5   | Found a staircase to the Slime Pits.
 27629 | Lair:5   | Found a viscous altar of Jiyva.
 27838 | Spider:1 | Entered Level 1 of the Spider Nest
 27854 | Spider:1 | Noticed Nikola
 27961 | Swamp:1  | Entered Level 1 of the Swamp
 28790 | Swamp:2  | Found a transporter.
 28794 | Swamp:2  | Found a transporter.
 28794 | Swamp:2  | Noticed Ufuth's ghost (journeyman DEHu)
 28825 | Swamp:2  | Noticed a thorn hunter
 28841 | Swamp:2  | Reached skill level 22 in Spellcasting
 30026 | Swamp:2  | Killed a thorn hunter
 30028 | Swamp:2  | Killed Ufuth's ghost
 30203 | Swamp:3  | Reached XP level 17. HP: 78/92 MP: 37/45
 30208 | Swamp:3  | Offered knowledge of Arcjolt by Vehumet.
 30901 | Swamp:3  | Noticed a kraken
 30911 | Swamp:3  | Killed a kraken
 31145 | Swamp:4  | Entered Level 4 of the Swamp
 31750 | Swamp:4  | Reached skill level 23 in Spellcasting
 33566 | Swamp:4  | Reached ****** piety under Vehumet
 33857 | Swamp:4  | Got a decaying rune of Zot
 34835 | Spider:1 | Killed Nikola
 35460 | Spider:1 | Offered knowledge of Freezing Cloud by Vehumet.
 36798 | Spider:3 | Reached skill level 24 in Spellcasting
 36887 | Spider:3 | Reached XP level 18. HP: 94/96 MP: 30/48
 38274 | Spider:4 | Entered Level 4 of the Spider Nest
 38274 | Spider:4 | Noticed Agnes
 38276 | Spider:4 | Killed Agnes
 38632 | Spider:4 | Offered knowledge of Ozocubu's Refrigeration by Vehumet.
 38644 | Spider:4 | Learned a level 7 spell: Ozocubu's Refrigeration
 39478 | Spider:4 | Reached skill level 25 in Spellcasting
 41418 | Spider:4 | Reached skill level 26 in Spellcasting
 41992 | Spider:4 | Offered knowledge of Eringya's Noxious Bog by Vehumet.
 42372 | Spider:4 | Identified the +4 pair of boots "Akhlo" {Regen+ Dex+6}
 42385 | Spider:4 | Got a gossamer rune of Zot
 42719 | Orc:1    | Entered Level 1 of the Orcish Mines
 42947 | Orc:2    | Entered Level 2 of the Orcish Mines
 43360 | Orc:2    | Found Noink's General Store.
 43363 | Orc:2    | Found Lanuhevyiss's Distillery.
 43468 | Orc:2    | Bought a scroll of fear for 48 gold pieces
 43470 | Orc:2    | Bought 2 potions of brilliance for 120 gold pieces
 43470 | Orc:2    | Bought a potion of curing for 45 gold pieces
 43470 | Orc:2    | Bought a potion of curing for 45 gold pieces
 43470 | Orc:2    | Bought a potion of curing for 45 gold pieces
 43505 | Orc:2    | Reached skill level 27 in Spellcasting
 43790 | Orc:2    | Reached XP level 19. HP: 100/100 MP: 43/52
 43871 | Orc:2    | Found Jaek Halaq's Jewellery Emporium.
 43871 | Orc:2    | Found Johos's Antique Weapon Shoppe.
 43872 | Orc:2    | Found a one-way gate leading to the halls of Pandemonium.
 44106 | Orc:2    | Offered knowledge of Polar Vortex by Vehumet.
 44106 | Orc:2    | Offered knowledge of Maxwell's Capacitive Coupling by
                  | Vehumet.
 44576 | Orc:2    | Found a staircase to the Elven Halls.
 44576 | Orc:2    | Found a runed translucent gate.
 44576 | Orc:2    | Found a runed translucent gate.
 44576 | Orc:2    | Found a runed translucent gate.
 44591 | Orc:2    | Noticed Jigsaw's ghost (journeyman TrMo)
 44670 | Orc:2    | Found Iwav's Jewellery Boutique.
 44689 | Orc:2    | Bought a ring of the Octopus King {Wiz HP+2 AC+2 EV+2 SH+2}
                  | for 1062 gold pieces
 44689 | Orc:2    | Found the ring of the Octopus King {Wiz HP+2 AC+2 EV+2
                  | SH+2}
 45308 | Orc:2    | Identified the ring "Keem Pucw" {Fly Will++ SInv}
 45309 | Orc:2    | Found a roughly hewn altar of Beogh.
 45320 | Orc:2    | Killed Jigsaw's ghost
 46223 | D:15     | Entered Level 15 of the Dungeon
 46443 | D:15     | Paralysed by an ogre mage for 4 turns
 46600 | D:15     | Found the +1 eveningstar "Brilliance" {foul flame, Umbra}
 46822 | D:15     | Got Sif Muna's Parchment of Ignition
 47051 | D:15     | Found a staircase to the Depths.
 47164 | D:15     | Found a runed translucent door.
 47165 | D:15     | Found a shimmering altar of Xom.
 47165 | D:15     | Noticed Kuust's ghost (adept OpAl)
 47192 | D:15     | Killed Kuust's ghost
 47734 | Vaults:1 | Entered Level 1 of the Vaults
 47844 | Vaults:1 | You fall into a shaft and drop 1 floor!
 48407 | Vaults:2 | Identified the +2 long sword "Gidoicar" {freeze, rF+ Will-
                  | Str+4}
 50401 | Vaults:1 | Reached XP level 20. HP: 93/117 MP: 48/53
 50491 | Vaults:1 | Reached skill level 10 in Fighting
 50617 | Vaults:1 | Reached skill level 10 in Dodging
 52091 | Vaults:3 | Found Yntuug's Jewellery Shop.
 52099 | Vaults:3 | Noticed Mennas
 52104 | Vaults:3 | Killed Mennas
 52351 | Vaults:3 | Identified the +3 leather armour of the Desert {rF+ rC+
                  | MP+9 Str-4}
 52875 | Vaults:3 | Reached skill level 5 in Armour
 53117 | Vaults:3 | Identified the +2 ring mail of True Grit {Fly rPois rCorr
                  | Str-4}
 53206 | Vaults:3 | Noticed Xtahua
 53366 | Vaults:3 | Found a staircase to the Crypt.
 53594 | Vaults:3 | Reached skill level 1 in Ice Magic
 54251 | Vaults:3 | Found Ozot's Weapon Boutique.
 54285 | Crypt:1  | Entered Level 1 of the Crypt
 54338 | Vaults:4 | Reached skill level 5 in Ice Magic
 54903 | Vaults:4 | Reached XP level 21. HP: 116/122 MP: 41/54
 55043 | Vaults:4 | Noticed Donald
 55047 | Vaults:4 | Killed Donald
 55670 | Vaults:4 | Reached skill level 10 in Ice Magic
 55680 | Vaults:4 | Learned a level 9 spell: Polar Vortex
 55886 | Vaults:4 | Found Ekaryb's Antique Armour Boutique.
 55960 | Vaults:4 | Noticed Margery
 55966 | Vaults:4 | Killed Margery
 56139 | Vaults:4 | Found a runed translucent gate.
 56139 | Vaults:4 | Found a runed translucent gate.
 56140 | Vaults:4 | Found a runed translucent gate.
 56428 | Vaults:4 | Found a glowing golden altar of the Shining One.
 56545 | Vaults:5 | Entered Level 5 of the Vaults
 56554 | Vaults:5 | Noticed a golden dragon
 56561 | Vaults:5 | Killed a golden dragon
 56564 | Vaults:5 | Noticed Jory
 56567 | Vaults:5 | Noticed a golden dragon
 56569 | Vaults:5 | Reached skill level 15 in Ice Magic
 56571 | Vaults:5 | Killed a golden dragon
 56572 | Vaults:5 | Killed Jory
 56572 | Vaults:5 | Noticed Saint Roka
 56574 | Vaults:5 | Noticed an ancient lich
 56575 | Vaults:5 | Reached XP level 22. HP: 122/127 MP: 55/55
 56577 | Vaults:5 | Killed Saint Roka
 56579 | Vaults:5 | Killed an ancient lich
 56579 | Vaults:5 | Identified the orb "Sympiol" {light, Harm}
 56579 | Vaults:5 | Noticed Frederick
 56585 | Vaults:5 | Killed Frederick
 56894 | Vaults:5 | Identified the +0 pair of boots of the Exiled Lies {Dex+5}
 56939 | Vaults:5 | Got Hoemou's Compendium of Dislocation
 57044 | Vaults:5 | Identified the +0 longbow "Dragonslayer" {elec, Will- rCorr
                  | Int+3 Stlth+}
 57211 | Vaults:5 | Found the +2 hood of the Assassin {Detect Stab+ Stlth++}
 57233 | Vaults:5 | Identified the staff "Saekengi" {rN+ Int-5 Dex+3 Stlth+
                  | Necro Ice}
 57238 | Vaults:5 | Got the Volume of the Caves and Accomplices
 57327 | Vaults:5 | Identified the +5 helmet "Nimn" {rPois rN+}
 57616 | Vaults:5 | Got a silver rune of Zot
 57621 | Vaults:5 | Identified the +0 scale mail of Igearases {Will+ Str+4
                  | Dex+4}
 57703 | Vaults:5 | Identified the +0 plate armour of Qufel {Stlth+}
 58384 | Vaults:3 | Killed Xtahua
 58793 | Elf:1    | Entered Level 1 of the Elven Halls
 58793 | Elf:1    | Found Adwixzam's Magic Scroll Boutique.
 58795 | Elf:1    | Bought a scroll of teleportation for 60 gold pieces
 58795 | Elf:1    | Bought a scroll of teleportation for 60 gold pieces
 58840 | Elf:1    | Found Zaptorr's Magic Scroll Boutique.
 58841 | Elf:1    | Noticed Roxanne
 58851 | Elf:1    | Killed Roxanne
 58986 | Elf:1    | Bought a scroll of enchant armour for 142 gold pieces
 58986 | Elf:1    | Bought a scroll of blinking for 142 gold pieces
 59345 | Elf:1    | Found Zaxt's Book Shoppe.
 59896 | Elf:1    | Found Dejuetin's Jewellery Shoppe.
 59912 | Elf:1    | Found a runed translucent gate.
 59912 | Elf:1    | Found a runed translucent gate.
 59912 | Elf:1    | Found a runed translucent gate.
 61161 | Elf:2    | Found a runed translucent gate.
 61162 | Elf:2    | Found a runed translucent gate.
 61162 | Elf:2    | Found a runed translucent gate.
 61355 | Elf:2    | Found Mecwemor's Jewellery Emporium.
 61355 | Elf:2    | Found Nec Keyt's Book Shop.
 61356 | Elf:2    | Found Aneutir's Book Shop.
 61425 | Elf:2    | Found Liashic's Antique Weapon Shoppe.
 61544 | Elf:2    | Reached XP level 23. HP: 138/138 MP: 43/56
 62481 | Elf:3    | Entered Level 3 of the Elven Halls
 62733 | Elf:3    | Identified the ring "Obbeivvo" {rF+ rC+ Str-2 Int+3 Dex+3}
 62746 | Elf:3    | Identified the ring of Qitaxuohe {rN++ Dex+6}
 63014 | Elf:3    | Identified the amulet "Kenehol" {Acrobat rElec rC+ Str+3
                  | Stlth+} (You took it off a deep elf elementalist on level 3
                  | of the Elven Halls)
 63162 | Elf:3    | Got the Atlas of the Mutable Boulder
 63245 | Elf:3    | Identified the ring "Ikhimuo" {rElec rPois Int+2 Stlth+}
 63442 | Elf:3    | Got the Octavo of Deathly Flame
 63448 | Elf:3    | Identified the +0 cloak of Syndicalism {Harm rPois rN+
                  | Stlth-}
 63509 | Elf:3    | Noticed Lightli's ghost (adept CoCK)
 63570 | Elf:3    | Found a runed translucent door.
 63613 | Elf:3    | Found an ancient bone altar of Kikubaaqudgha.
 63791 | Elf:3    | Reached skill level 15 in Fighting
 64234 | Elf:3    | Killed Lightli's ghost
 64699 | Depths:1 | Entered Level 1 of the Depths
 65279 | Depths:1 | Noticed Mara
 65286 | Depths:1 | Killed Mara
 65441 | Depths:1 | Found a gateway to Hell.
 66059 | Depths:2 | Reached XP level 24. HP: 149/150 MP: 6/56
 66642 | Depths:2 | Found a radiant altar of Vehumet.
 66675 | Depths:2 | Identified the +11 battleaxe "Ynops" {spect, Int+6}
 66695 | Depths:2 | Identified the +0 ring mail of the Grue {*Corrode rF+++ rN+
                  | Int+2}
 67831 | Depths:3 | Noticed a juggernaut
 68021 | Depths:3 | Killed a juggernaut
 68442 | Depths:3 | Found Big Baal Hell's Store.
 68581 | Depths:3 | You fall into a shaft and drop 1 floor!
 68581 | Depths:4 | Entered Level 4 of the Depths
 68581 | Depths:4 | Found a one-way gateway to a ziggurat.
 68636 | Depths:4 | Identified the +0 ring mail "Xyhigucw" {*Corrode rN++
                  | Will+++ Str-4}
 68640 | Depths:4 | Found a broken altar of Ashenzari.
 68863 | Depths:3 | Identified the +3 hand axe of the End {venom, MP-9 Str+4}
 70175 | Depths:4 | Found a runed translucent gate.
 70185 | Depths:4 | Found a runed translucent gate.
 70228 | Depths:4 | Found a runed translucent gate.
 70229 | Depths:4 | Noticed Lucarghiu's ghost (veteran GnWn)
 70248 | Depths:4 | Found a gate to the Realm of Zot.
 70431 | Depths:4 | Found a viscous altar of Jiyva.
 70453 | Depths:4 | Killed Lucarghiu's ghost
 70600 | Depths:4 | Identified the +0 hand axe of Dissatisfaction {flame,
                  | Stlth+}
 70815 | Zot:1    | Entered Level 1 of the Realm of Zot
 72164 | Zot:2    | Reached XP level 25. HP: 155/155 MP: 56/56
 72623 | Zot:2    | You fall into a shaft and drop 1 floor!
 72866 | Zot:3    | Noticed Vv
 73399 | Zot:3    | HP: 3/157 [purple draconian shifter/bolt of dispelling
                  | energy (51)]
 73404 | Zot:3    | Killed Vv
 75149 | Zot:4    | Noticed a Killer Klown
 75152 | Zot:4    | Killed a Killer Klown
 76786 | Zot:5    | Entered Level 5 of the Realm of Zot
 76806 | Zot:5    | Reached skill level 1 in Shields
 77330 | Zot:5    | Noticed an ancient lich
 77333 | Zot:5    | Killed an ancient lich
 77501 | Zot:5    | Noticed an orb of fire
 77503 | Zot:5    | Gained mutation: You have a pair of small antennae on your
                  | head. [an orb of fire]
 77505 | Zot:5    | Noticed an orb of fire
 77507 | Zot:5    | Noticed an ancient lich
 77507 | Zot:5    | Gained mutation: You have sharp toenails. [an orb of fire]
 77508 | Zot:5    | Killed an orb of fire
 77509 | Zot:5    | Reached skill level 5 in Shields
 77509 | Zot:5    | Noticed an orb of fire
 77511 | Zot:5    | Gained mutation: You have hidden genetic potential. [an orb
                  | of fire]
 77511 | Zot:5    | Noticed an orb of fire
 77512 | Zot:5    | Noticed an orb of fire
 77513 | Zot:5    | Noticed an orb of fire
 77513 | Zot:5    | Noticed an ancient lich
 77515 | Zot:5    | Noticed a Killer Klown
 77517 | Zot:5    | Lost mutation: You have hidden genetic potential. [an orb
                  | of fire]
 77518 | Zot:5    | Noticed an orb of fire
 77518 | Zot:5    | Noticed a Killer Klown
 77518 | Zot:5    | Gained mutation: You have a pair of antennae on your head.
                  | [an orb of fire]
 77518 | Zot:5    | Gained mutation: Your spells are a little easier to cast,
                  | but a little less powerful. [an orb of fire]
 77518 | Zot:5    | Slain by an Orb Guardian

Illustrated notes

Levels and vault maps discovered:
D:1:      matt_arrival_refuge, layout_loops_cross, serial_shops, shop, shop,
          shop
D:2:      layout_loops_ring, chequers_ecumenical_altar_simple, uniq_robin,
          uniq_jessica
D:3:      minmay_door_path, layout_loops_corners, nicolae_overflow_squiral
D:4:      layout_rooms, nicolae_overflow_two_pavilions, serial_rivers,
          chequers_serial_rivers_small_3, chequers_serial_rivers_micro_c,
          chequers_serial_rivers_marsh, chequers_serial_rivers_room_b,
          chequers_serial_rivers_large_a, chequers_serial_rivers_small_b,
          kennysheep_dice, uniq_crazy_yiuf_cottage
D:5:      layout_rooms, minmay_temple_entry_grid, uniq_sigmund,
          uniq_blork_the_orc, uniq_eustachio
D:6:      layout_cave_pods
D:7:      layout_basic, kennysheep_windowed_goal, uniq_menkaure, uniq_pikel,
          uniq_maurice, uniq_duvessa
D:8:      layout_basic, serial_curves, eino_curves_01, eino_curves_04,
          eino_curves_04, eino_curves_03
D:9:      layout_stronghold, lair_entry_dummy
D:10:     layout_loops_ring, david_orc_1_choice, enter_bailey_5, serial_shops,
          shop, shop, shop, nicolae_shop_real_fake_doors, shop, minmay_circle_x
D:11:     nzn_winding_woodlands_stair_trap [nzn_winding_woodlands_5x15_parted,
          nzn_winding_woodlands_5x15_jagged,
          nzn_winding_woodlands_5x15_pathside_ponds,
          nzn_winding_woodlands_15x15_killbox, nzn_winding_woodlands_5x15_pool,
          nzn_winding_woodlands_5x15_sidewinder,
          nzn_winding_woodlands_5x15_lazy_stream], layout_irregular_city,
          gauntlet_entry_generic, nicolae_trove_entry_crossroad
D:12:     layout_loops_ring, grunt_ministairs_8
D:13:     layout_rooms, portal_ice_cave_demonic_guard, minmay_shop_grid_forest,
          nicolae_the_louvre, uniq_kirke
D:14:     layout_cave_pools, hellmonk_vaults_attempted_burglary, fedhas_altar_3,
          serial_shops, nicolae_shop_tiny_glass, minmay_misc_feat_more_columns
D:15:     grunt_enter_depths_snipers, layout_loops_ring,
          wad_floor_pattern_untrapped, ebering_ghost_xom, chequers_jeans,
          dispersion_dpeg
Temple:   nicolae_temple_no_exploring_needed
Lair:1:   layout_loops_ring, st_stairs_7, lemuel_old_faithful,
          infiniplex_staircase_pool_2
Lair:2:   layout_cave_pods, palyth_hydra_swamp_entry, lemuel_fruit_tree
Lair:3:   layout_cave_pods, spider_nest_entry_a, chequers_serial_rivers_room_b,
          serial_bayou_lagoon_a, beast_lair_carwin_7, grunt_megastairs_1
Lair:4:   layout_layer_cave
Lair:5:   hellmonk_lair_end_abyssal_woods, layout_cave_pods,
          minmay_slime_entry_oklob_open, uniq_snorg
Swamp:1:  layout_falls_marsh, evilmike_swamp_ruin_rubble_2
Swamp:2:  layout_falls_marsh, gammafunk_ghost_arena, wheals_swamp_sinkhole,
          hangedman_swamp_blocks
Swamp:3:  layout_basic_swamp, evilmike_swamp_ruin_rubble_1, swamp_pool_5,
          nicolae_swamp_thats_no_hydra, nicolae_swamp_tree_isthmus
Swamp:4:  swamp, layout_basic_swamp
Spider:1: layout_spider_delve, hangedman_spider_tarantella_strand, uniq_nikola
Spider:2: layout_spider_delve
Spider:3: layout_spider_delve
Spider:4: floodkiller_spider_rune_tomb, nicolae_spider_swamp_cousins, uniq_agnes
Orc:1:    layout_diamond_mine
Orc:2:    pf_orc_diabolical, layout_diamond_mine, serial_shops, shop_fountains,
          biasface_ghost_orc_armoury, elves_outpost_lemuel
Elf:1:    kennysheep_bubbly, layout_geoelf_octagon, serial_shops, shop,
          nicolae_shop_mannequins, shop, shop,
          nicolae_gammafunk_elf_defective_weapons_storage, uniq_roxanne
Elf:2:    nicolae_elf_blades_crystal_corner, layout_gridlike, serial_shops,
          nicolae_shop_waterfront, minmay_shop_grove
Elf:3:    grunt_elf_hall_spiral, layout_geoelf_octagon,
          hellmonk_ghost_happy_afterlife, basic_altar
Vaults:1: nicolae_vaults_shrinking_rooms_2, v_misc_30,
          nicolae_vaults_network_periphery, nicolae_vaults_hexular_roomagon,
          nicolae_vaults_network_square, vaults_mumra_hex,
          nicolae_vaults_closet_pinwheel_4, ontoclasm_vaults_misaligned,
          v_alt_pattern_1, v_misc_13, layout_vaults_omnibox
Vaults:2: gargoyle_guard, grunt_vaults_bifocal, nicolae_vaults_tangram_2,
          v_alt_pattern_3, nicolae_vaults_tetromino_L_1, v_misc_24,
          vaults_mumra_minichess_inversion, vaults_mumra_lcd,
          nicolae_vaults_apartment_1, vaults_room_hallway,
          nicolae_vaults_yaktaur_gun_rack, vaults_room_door_hall,
          layout_vaults_omnigrid
Vaults:3: minmay_crypt_entry_simple_sparse, nicolae_vaults_little_squares_1,
          v_pattern_2, nicolae_vaults_storage_room_water, v_rooms_5,
          nicolae_vaults_meeting, nicolae_vaults_turnstiles,
          nicolae_vaults_taking_the_gang_shopping,
          nicolae_vaults_network_quinsquares
          [nicolae_vaults_network_quincunx_subvault,
          nicolae_vaults_network_quincunx_subvault,
          nicolae_vaults_network_quincunx_subvault,
          nicolae_vaults_network_quincunx_subvault], nicolae_vaults_alarming,
          serial_ice_b, nicolae_vaults_apartment_2, nicolae_vaults_trapezoid_1,
          vaults_dpeg_ring, layout_vaults_omnicross, serial_shops, shop,
          uniq_xtahua, uniq_mennas
Vaults:4: nicolae_vaults_double_plus_1, minmay_orc_keep,
          wander_protected_by_tso, grunt_vaults_funnel,
          nicolae_vaults_ninety_degrees, nicolae_vaults_little_squares_4,
          nicolae_vaults_triangles, v_rooms_4, hangedman_vaults_hat,
          layout_vaults_maze, serial_shops, shop, uniq_margery, uniq_donald
Vaults:5: uniq_frederick, uniq_saint_roka, uniq_jory
Crypt:1:  cheibrodos_crypt_down_in_the_bonehoard, layout_gridlike,
          grunt_crypt_arrival_webbed, uniq_boris
Depths:1: layout_cave_pools, pan_entry, hellmouth_1, minmay_misc_feat_plants,
          abyss_entry_crystal, evilmike_butchery, uniq_mara
Depths:2: hangedman_cross_stitches, layout_gridlike, nicolae_vehumet_radiance,
          serial_rivers, chequers_serial_rivers_micro_a,
          chequers_serial_rivers_marsh, chequers_serial_rivers_micro_d,
          chequers_serial_rivers_room_b, pan_entry, hell_entry, abyss_entry,
          minmay_staircase_bubble
Depths:3: minmay_connected_boxes_in_corner, layout_basic,
          nicolae_hell_entry_big_baal_hell,
          nicolae_abyss_entry_one_way_or_another, serial_bayou_shore_b
Depths:4: evilmike_zot_entry_diamond, layout_gridville, enter_ziggurat_e,
          pf_hell_entry_great_geh, grunt_pan_entry_in_and_out,
          gammafunk_ghost_ooze, ldierk_geyser, serial_sigils_hangedman_gnaw,
          ashenzari_conservatory_becter
Zot:1:    layout_misc_corridors, st_large_dragon_hoard_1
Zot:2:    layout_misc_corridors, hangedman_zot_decor_scrapings
Zot:3:    layout_basic, regret_index_zotdec_onion_hex,
          hangedman_spider_trapstep, grunt_megastairs_5, uniq_vv
Zot:4:    hangedman_snap_crack_crunch, layout_onion,
          regret_index_zotdec_under_construction
Zot:5:    layout_onion

Skill      XL: |  1  2  3  4  5  6  7  8  9 10 11 12 13 14 15 16 17 18 19 20 21 22 23 24 25 |
---------------+----------------------------------------------------------------------------+-----
Dodging        | 3 4 5 6 9 14 | 14.0
Stealth        | 3 4 5 |  5.0
Conjurations   | 5 6 8 10 11 14 16 17 18 19 20 22 | 22.7
Fighting       | 1 2 5 9 10 12 15 | 15.0
Spellcasting   | 4 5 6 9 10 12 15 16 17 18 20 22 24 27 | 27.0
Translocations | 3 5 |  5.0
Alchemy        | 4 |  4.0
Fire Magic     | 9 11 12 13 14 15 17 19 20 22 24 26 | 26.0
Armour         | 3 6 8 |  8.0
Ice Magic      | 7 16 18 20 | 20.0
Shields        | 5 |  5.2

Action                     |  1- 3 |  4- 6 |  7- 9 | 10-12 | 13-15 | 16-18 | 19-21 | 22-24 | 25-27 || total
---------------------------+-------+-------+-------+-------+-------+-------+-------+-------+-------++-------
  Melee: Dagger            |       |       |     5 |     2 |       |       |       |       |       ||     7
         Staff             |       |       |       |       |     6 |    20 |    69 |    67 |    15 ||   177
         Unarmed           |       |       |       |       |       |       |     1 |       |       ||     1
   Cast: Magic Dart        |    52 |   125 |   165 |    83 |   273 |   404 |   191 |   119 |    46 ||  1458
         Searing Ray       |     2 |    10 |    38 |    12 |   102 |    24 |     8 |     1 |     2 ||   199
         Iskenderun's Myst |       |       |    13 |    37 |   251 |   125 |    92 |   102 |    35 ||   655
         Irradiate         |       |       |       |     2 |    43 |    18 |       |       |       ||    63
         Ignition          |       |       |       |       |    75 |   153 |   154 |    73 |     6 ||   461
         Bombard           |       |       |       |       |     3 |   356 |   166 |   142 |    50 ||   717
         Fire Storm        |       |       |       |       |       |    23 |    67 |   208 |    98 ||   396
         Ozocubu's Refrige |       |       |       |       |       |       |     3 |    31 |    10 ||    44
         Polar Vortex      |       |       |       |       |       |       |     1 |    22 |     7 ||    30
    Use: Scroll            |       |       |       |    12 |    20 |    10 |     1 |     1 |     3 ||    47
         Potion            |       |       |       |     3 |     3 |     6 |     2 |     5 |    13 ||    32
 Armour: Robe              |     2 |     7 |    60 |    37 |   216 |   194 |   122 |   180 |    89 ||   907
  Dodge: Dodged            |       |    10 |    54 |    43 |   245 |   213 |   174 |   184 |    87 ||  1010
  Block: Other             |       |       |       |       |       |    40 |    55 |    57 |    12 ||   164
         Reflection        |       |       |       |       |       |     2 |    13 |     5 |     1 ||    21
         Buckler           |       |       |       |       |       |       |       |       |    15 ||    15

Table legend: (Time is in decaauts)
 A = Elapsed time spent in this place.
 B = Non-inter-level travel time spent in this place.
 C = Inter-level travel time spent in this place.
 D = Time resting spent in this place.
 E = Time spent auto-exploring this place.
 F = Levels seen in this place.
 G = Mean time per level.
                   A        B        C        D        E       F      G
               +--------+--------+--------+--------+--------+-----+--------+
         Total |  77972 |  74153 |   3819 |   2807 |  62055 |  52 | 1499.5 |
       Dungeon |  20830 |  19131 |   1699 |    784 |  16053 |  15 | 1388.7 |
        Temple |     14 |      2 |     12 |      0 |      0 |   1 |   14.0 |
          Lair |   7360 |   6974 |    386 |     20 |   6000 |   5 | 1472.0 |
         Swamp |   6177 |   6045 |    132 |    530 |   4864 |   4 | 1544.2 |
   Spider Nest |   8544 |   8417 |    127 |    265 |   7160 |   4 | 2136.0 |
  Orcish Mines |   3312 |   2980 |    332 |    221 |   2364 |   2 | 1656.0 |
   Elven Halls |   5652 |   5501 |    151 |    231 |   4576 |   3 | 1884.0 |
        Vaults |  10826 |  10262 |    564 |    121 |   8797 |   5 | 2165.2 |
         Crypt |      3 |      3 |      0 |      0 |      0 |   1 |    3.0 |
        Depths |   6104 |   5776 |    328 |      0 |   5111 |   4 | 1526.0 |
           Zot |   6479 |   6393 |     86 |    541 |   5073 |   5 | 1295.8 |
        Bailey |    732 |    732 |      0 |      0 |    596 |   1 |  732.0 |
      Ice Cave |   1287 |   1287 |      0 |     93 |    938 |   1 | 1287.0 |
      Gauntlet |    645 |    645 |      0 |      0 |    520 |   1 |  645.0 |
               +--------+--------+--------+--------+--------+-----+--------+

Top non-repeatable levels by time:
Spider:4: 3439 daAuts
 Swamp:4: 2826 daAuts
   Orc:2: 2668 daAuts
    D:11: 2647 daAuts
Vaults:4: 2545 daAuts
Vaults:2: 2538 daAuts
   Zot:4: 2400 daAuts
Vaults:3: 2250 daAuts
    D:10: 2140 daAuts
   Elf:2: 2139 daAuts
Vaults:1: 1990 daAuts
Depths:3: 1938 daAuts
   Zot:3: 1925 daAuts
Spider:1: 1845 daAuts
Spider:3: 1820 daAuts
